 Dungeon Crawl Stone Soup version 0.26.1-2-gb8aa6d0cf2 (webtiles) character file.

Game seed: 13363780919357570676

2206 Dagix the Cleaver (level 9, 0/80 HPs)
             Began as a Minotaur Berserker on Feb 14, 2021.
             Was a Priest of Trog.
             Slain by a two-headed ogre
             ... wielding a +0 giant spiked club
              (12 damage)
             ... on level 8 of the Dungeon.
             The game lasted 00:23:05 (4456 turns).

Dagix the Cleaver (Minotaur Berserker)              Turns: 4456, Time: 00:23:05

Health: 0/80       AC: 19    Str: 25    XL:     9   Next: 12%
Magic:  8/8        EV:  8    Int:  4    God:    Trog [***...]
Gold:   193        SH:  0    Dex: 10    Spells: 8/8 levels left

rFire    . . .     SeeInvis .   N - +4 war axe
rCold    . . .     Faith    .   (no shield)
rNeg     . . .     Spirit   .   J - +0 plate armour
rPois    .         Reflect  .   (helmet restricted)
rElec    .         Harm     .   (no cloak)
rCorr    .         Rampage  .   G - +0 pair of gloves
Will     .....                  K - +0 pair of boots
Stlth    ..........             (no amulet)
HPRegen  0.23/turn              k - ring of attention
MPRegen  0.11/turn              u - +4 ring of protection

@: studying Earth Magic
A: retaliatory headbutt, horns 2
a: Renounce Religion, Berserk, Trog's Hand


You were on level 8 of the Dungeon.
You worshipped Trog.
Trog was most pleased with you.
You visited 1 branch of the dungeon, and saw 8 of its levels.

You collected 495 gold pieces.
You spent 302 gold pieces at shops.

Inventory:

Hand Weapons
 a - a +0 hand axe
 M - a +2 hand axe
 N - a +4 war axe (weapon)
 Q - a +0 short sword
Missiles
 b - 116 stones (quivered)
 c - 63 arrows
 e - 8 poisoned darts
 H - 2 large rocks
Armour
 g - a +0 ring mail
 j - a +0 scale mail
 A - a +0 chain mail
 B - a +0 helmet
 D - a +0 scale mail
 G - a +0 pair of gloves (worn)
 J - a +0 plate armour (worn)
 K - a +0 pair of boots (worn)
Jewellery
 k - a ring of attention (left hand)
 u - a +4 ring of protection (right hand)
 v - an uncursed ring of fire
 I - an uncursed ring of fire
Wands
 L - a wand of disintegration (18)
Scrolls
 f - 8 scrolls of identify {unknown}
 i - a scroll of enchant weapon {unknown}
 n - a scroll of random uselessness {unknown}
 o - a scroll of blinking {unknown}
 p - 4 scrolls of teleportation {unknown}
 s - 3 scrolls of fog {unknown}
 t - 3 scrolls of amnesia {unknown}
 y - a scroll of magic mapping {unknown}
 C - a scroll of noise {unknown}
 E - a scroll of enchant armour {unknown}
Potions
 d - a potion of lignification {unknown}
 h - 2 potions of flight {unknown}
 l - a potion of cancellation {unknown}
 m - 4 potions of curing {unknown}
 r - a potion of brilliance {unknown}
 w - a potion of resistance {unknown}
 x - 2 potions of invisibility {unknown}
 z - a potion of attraction {unknown}
 F - 3 potions of heal wounds {unknown}
 P - a potion of degeneration {unknown}
Books
 O - a manual of Earth Magic


   Skills:
 + Level 7.7 Fighting
 + Level 10.3 Axes
 + Level 1.3 Throwing
 + Level 7.0 Armour
 + Level 3.7 Dodging
 + Level 1.8 Stealth


You had 8 spell levels left.
You didn't know any spells.
Your spell library contained the following spells:

 Spells                   Type           Power        Failure   Level
 Animate Skeleton         Necr           0%           100%        1
 Apportation              Tloc           0%           100%        1
 Corona                   Hex            0%           100%        1
 Summon Small Mammal      Summ           0%           100%        1


Dungeon Overview and Level Annotations

Branches:
Dungeon (8/15)             Temple (0/1) D:6
   Lair: D:8-11

Altars:
Elyvilon
Fedhas
Gozag
Hepliaklqana
Makhleb
Nemelex Xobeh
Trog
Xom

Shops:
D:5 [   D:6 (


Innate Abilities, Weirdness & Mutations

You reflexively headbutt those who attack you in melee.
You have a pair of horns on your head.


Message History

As you read the scroll labelled GYMEOT HOAGUA, it crumbles to dust.
You feel as if something is helping you.
It was a scroll of remove curse.
The iguana closely misses you.
Cleave: N) +4 war axe
Press: ? - help, Dir - move target, f - two-headed ogre
Aim: a two-headed ogre, wielding two +0 giant spiked clubs (moderately wounded)
Okay, then.
Cleave: N) +4 war axe
Press: ? - help, Dir - move target, f - two-headed ogre
Aim: a two-headed ogre, wielding two +0 giant spiked clubs (moderately wounded)
Okay, then.
You slash the wyvern zombie! You headbutt the wyvern zombie!
The wyvern zombie is heavily damaged.
You slash the two-headed ogre! You slash the iguana!
The wyvern zombie bites you.
* * * LOW HITPOINT WARNING * * *
The two-headed ogre misses you. You furiously retaliate!
You headbutt the two-headed ogre.
The two-headed ogre hits you with a +0 giant spiked club!
You die...

#. . #.. ..
##.. ...##
##.. #...##..#
#.....########
#>......Z..#
#.W.....O@.#
##..#######l.#
######..##
#..# ........#
#... #####...#
##... ###.##
## ##..#
##...##
#.....#


You could see a two-headed ogre, a phantom, an iguana and a wyvern zombie.

Vanquished Creatures
  A water moccasin (D:7)
  An ice beast (D:6)
  A phantom (D:5)
  A black bear (D:3)
  2 orc warriors (D:7)
  4 ogres
  2 centaurs (D:7)
  4 bullfrogs
  2 scorpions
  5 wights (D:6)
  2 howler monkeys
  An orc priest (D:7)
  3 hounds
  A jelly (D:5)
  An orc wizard (D:4)
  5 worker ants
  3 hound skeletons
  5 adders
  6 gnolls
  2 shadow imps
  2 oozes
  2 dart slugs
  5 leopard geckos
  16 orcs
  2 ball pythons
  7 bats
  4 giant cockroaches
  5 hobgoblins
  5 jackals
  4 kobolds
  A quokka (D:3)
  4 frilled lizards
  3 goblins
  A jackal skeleton (D:6)
  7 rats
120 creatures vanquished.

Notes
Turn   | Place    | Note
-------+----------+-------------------------------------------
     0 | D:1      | Dagix the Minotaur Berserker began the quest for the Orb.
     0 | D:1      | Reached XP level 1. HP: 19/19 MP: 0/0
     7 | D:1      | Noticed a vampire
     7 | D:1      | Noticed an octopode
     9 | D:1      | Noticed a centaur
     9 | D:1      | Noticed a formicid
    11 | D:1      | Noticed a gargoyle
    13 | D:1      | Noticed a demonspawn
    15 | D:1      | Noticed a naga
    15 | D:1      | Noticed a tengu
    17 | D:1      | Noticed a vine stalker
    17 | D:1      | Noticed a minotaur
    19 | D:1      | Noticed a demigod
    21 | D:1      | Noticed a merfolk
    21 | D:1      | Noticed a halfling
    23 | D:1      | Noticed a draconian
    25 | D:1      | Noticed a dwarf
    25 | D:1      | Noticed an elf
    27 | D:1      | Noticed a felid
    27 | D:1      | Noticed a spriggan
    29 | D:1      | Noticed a human
    29 | D:1      | Noticed a troll
    31 | D:1      | Noticed a ghoul
    31 | D:1      | Noticed an ogre
   246 | D:1      | Reached skill level 4 in Axes
   246 | D:1      | Reached XP level 2. HP: 25/27 MP: 1/1
   676 | D:2      | Found a bloodstained altar of Trog.
   726 | D:2      | Found a sparkling altar of Nemelex Xobeh.
   798 | D:2      | Reached XP level 3. HP: 33/33 MP: 2/2
  1372 | D:3      | Found a blossoming altar of Fedhas.
  1392 | D:3      | Found a shimmering altar of Xom.
  1394 | D:3      | Noticed a scorpion
  1399 | D:3      | Found a transporter.
  1412 | D:3      | Noticed a black bear
  1450 | D:3      | Found a transporter.
  1620 | D:3      | Killed a scorpion
  1620 | D:3      | Reached ** piety under Trog
  1621 | D:3      | Reached skill level 5 in Axes
  1621 | D:3      | Reached XP level 4. HP: 22/41 MP: 3/3
  1624 | D:3      | Killed a black bear
  1625 | D:3      | Reached XP level 5. HP: 19/47 MP: 4/4
  1842 | D:3      | Reached skill level 6 in Axes
  1986 | D:4      | Noticed an ogre
  1992 | D:4      | Killed an ogre
  1993 | D:4      | Reached XP level 6. HP: 43/55 MP: 5/5
  2074 | D:4      | Reached skill level 1 in Throwing
  2249 | D:4      | Found a white marble altar of Elyvilon.
  2309 | D:4      | Reached skill level 1 in Stealth
  2447 | D:4      | Reached skill level 5 in Fighting
  2547 | D:5      | Entered Level 5 of the Dungeon
  2557 | D:5      | Reached XP level 7. HP: 61/61 MP: 6/6
  2681 | D:5      | Reached skill level 7 in Axes
  2681 | D:5      | Reached skill level 5 in Armour
  2831 | D:5      | Found Pojuhix's Armour Shop.
  2890 | D:5      | Bought a +0 plate armour for 253 gold pieces
  2890 | D:5      | Bought a +0 pair of boots for 49 gold pieces
  2919 | D:5      | Found a burning altar of Makhleb.
  3088 | D:5      | Found a hazy altar of Hepliaklqana.
  3198 | D:6      | Found a staircase to the Ecumenical Temple.
  3281 | D:6      | Reached XP level 8. HP: 64/70 MP: 7/7
  3351 | D:6      | Found Mirhog's Antique Weapon Emporium.
  3369 | D:6      | Reached skill level 8 in Axes
  3684 | D:7      | Reached skill level 9 in Axes
  3688 | D:7      | Reached *** piety under Trog
  4022 | D:7      | Reached skill level 10 in Axes
  4068 | D:7      | Reached XP level 9. HP: 47/79 MP: 8/8
  4255 | D:7      | Found an opulent altar of Gozag.
  4429 | D:8      | Noticed a two-headed ogre
  4456 | D:8      | Slain by a two-headed ogre

Illustrated notes

Levels and vault maps discovered:
D:1:      kb_arrival_jail, layout_basic
D:2:      layout_loops_corners, old_standard_altar, overflow_temple_1_default
D:3:      layout_rooms, general_overflow_altar, gammafunk_temple_overflow_arena,
          nicolae_underground_beach
D:4:      layout_loops_ring, lemuel_crystal_altar
D:5:      layout_cave_pools, nicolae_overflow_crystal_walls,
          lemuel_coloured_pillars_altar, kennysheep_mini, serial_shops, shop,
          uniq_crazy_yiuf_cottage
D:6:      layout_loops_cross, minmay_temple_entry_water_ring, serial_shops,
          shop, minmay_manual_mess
D:7:      layout_cave_pods, nicolae_gozag_seed_capital, serial_shops,
          nicolae_shop_behind_doors, makhleb_blood_cavern_becter
D:8:      layout_layer_cave

Skill      XL: |  1  2  3  4  5  6  7  8 |
---------------+-------------------------+-----
Axes           | 4 5 6 7 10 | 10.3
Fighting       | 4 5 7 |  7.7
Armour         | 3 4 6 7 |  7.0
Throwing       | 1 |  1.3
Dodging        | 3 |  3.7
Stealth        | 1 |  1.8

Action                   |  1- 3 |  4- 6 |  7- 9 || total
-------------------------+-------+-------+-------++-------
Melee: Hand axe          |    71 |    65 |   102 ||   238
       Headbutt          |    14 |    14 |    30 ||    58
       War axe           |       |       |    58 ||    58
Throw: Stone             |     5 |       |       ||     5
Invok: Trog's Hand       |       |     1 |       ||     1
  Use: Scroll            |       |       |     1 ||     1
Armor: Ring mail         |     8 |       |       ||     8
       Scale mail        |    30 |    45 |    16 ||    91
       Plate armour      |       |       |    90 ||    90
Dodge: Dodged            |    37 |    56 |    85 ||   178
